 Dungeon Crawl Stone Soup version 0.25-a0-443-gece2dee8bd (webtiles) character file.

Game seed: 16807552353852903707, levelgen mode: deterministic

971 asdsagf the Ruffian (level 7, -2/100 HPs)
             Began as a Troll Berserker on Jan 30, 2020.
             Was an Elder of Trog.
             Succumbed to a gnoll sergeant's poison
             ... on level 5 of the Dungeon.
             The game lasted 00:11:51 (3333 turns).

asdsagf the Ruffian (Troll Berserker)               Turns: 3333, Time: 00:11:52

Health: -2/100     AC: 13    Str: 31    XL:     7   Next: 94%
Magic:  6/6        EV: 12    Int:  3    God:    Trog [****..]
Gold:   182        SH:  0    Dex: 11    Spells: 6/6 levels left

rFire    . . .     SeeInvis .   s - +9 flail (protect)
rCold    + . .     Gourm    +   (no shield)
rNeg     . . .     Faith    .   a - +0 animal skin
rPois    .         Spirit   .   (helmet restricted)
rElec    .         Reflect  .   (no cloak)
rCorr    .         Harm     .   (gloves unavailable)
MR       .....                  (boots unavailable)
Stlth    ..........             (no amulet)
HPRegen  0.66/turn              k - ring of protection from cold
MPRegen  0.10/turn              (no ring)

@: berserking (expiring), lethally poisoned (-2 -> -30), protection aura, very
quick
A: large, unfitting armour, claws 3, fast metabolism 3, gourmand, regeneration
1, shaggy fur 1, tough skin 3
a: Berserk, Trog's Hand, Brothers in Arms, Renounce Religion


You were on level 5 of the Dungeon.
You worshipped Trog.
Trog was greatly pleased with you.
You were very full.

You visited 1 branch of the dungeon, and saw 5 of its levels.

You collected 264 gold pieces.
You spent 82 gold pieces at shops.

Inventory:

Hand Weapons
 s - a +9 flail of protection (weapon)
Armour
 a - a +0 animal skin (worn)
Jewellery
 k - a ring of protection from cold (left claw)
Wands
 t - a wand of random effects (23)
Scrolls
 e - 2 scrolls of fear {unknown}
 f - a scroll of identify
 h - 2 scrolls of teleportation
 i - a scroll of immolation {unknown}
 j - a scroll of amnesia {unknown}
 m - 5 scrolls of remove curse
 o - a scroll of enchant armour {unknown}
Potions
 c - 2 potions of flight {unknown}
 d - 2 potions of berserk rage
 g - a potion of heal wounds {unknown}
 l - a potion of agility {unknown}
 n - 2 potions of lignification {unknown}
 p - a potion of brilliance {unknown}
 q - a potion of degeneration {unknown}
 u - a potion of ambrosia {unknown}
Comestibles
 b - 15 rations
 r - 6 chunks of flesh


   Skills:
 + Level 3.5 Fighting
 + Level 1.0 Maces & Flails
 + Level 5.0 Dodging
 + Level 1.3 Stealth
 + Level 6.8 Unarmed Combat


You had 6 spell levels left.
You didn't know any spells.
Your spell library was empty.

Dungeon Overview and Level Annotations

Branches:
Dungeon (5/15)             Temple (0/1) D:4

Altars:
Hepliaklqana
Trog
Wu Jian
Xom

Shops:
D:4 [}*=?


Innate Abilities, Weirdness & Mutations

You are too large for most types of armour.
You have claws for hands.
Your metabolism is lightning-fast.
You like to eat raw meat.
Your natural rate of healing is unusually fast.
You are covered in fur. (AC +1)
You have extremely tough skin. (AC +3)


Message History

The gnoll sergeant hits you with a +1 spear of venom.
* * * LOW HITPOINT WARNING * * *
The gnoll hits you.
* * * LOW HITPOINT WARNING * * *
The gnoll barely misses you.
You bludgeon the gnoll!!
You kill the gnoll!
Trog accepts your kill.
Your Dodging skill increases to level 5!
* * * LOW HITPOINT WARNING * * *
You feel sick.
The gnoll sergeant hits you with a +1 spear of venom.
* * * LOW HITPOINT WARNING * * *
You are more poisoned.
The gnoll closely misses you.
You bludgeon the gnoll sergeant!!
You kill the gnoll sergeant!
Trog accepts your kill.
Your Maces & Flails skill increases to level 1!
You die...

#.. #........
#.# #........
#.# #......._
#.# #...####.
#(# #...# #.
##.# #...# #.
##..######...#
#.
##g...........#
#.
#)@############
. #)h# #hh#
...# #...#
#...+ #...#
#....


You could see a gnoll and 3 jackals.

Vanquished Creatures
  Edmund (D:4)
  2 ogres (D:4)
  A centaur (D:3)
  A gnoll sergeant (D:5)
  A howler monkey (D:4)
  A crimson imp (D:2)
  A jelly (D:5)
  3 hounds
  An orc priest (D:3)
  2 orc wizards
  Ijyb (D:4)
  2 worker ants (D:4)
  Robin (D:3)
  3 gnolls (D:5)
  4 adders
  4 worms
  3 dart slugs
  A leopard gecko (D:1)
  15 orcs
  10 bats
  4 giant cockroaches
  14 goblins
  9 hobgoblins
  9 jackals
  6 kobolds
  A ball python (D:4)
  A ball python skeleton (D:4)
  6 frilled lizards
  A leopard gecko skeleton (D:4)
  5 rats
114 creatures vanquished.

Notes
Turn   | Place    | Note
-------+----------+-------------------------------------------
     0 | D:1      | asdsagf the Troll Berserker began the quest for the Orb.
     0 | D:1      | Reached XP level 1. HP: 22/22 MP: 0/0
   202 | D:1      | Reached XP level 2. HP: 29/29 MP: 1/1
   583 | D:1      | Reached ** piety under Trog
   646 | D:1      | Reached XP level 3. HP: 36/36 MP: 2/2
  1230 | D:2      | Reached skill level 4 in Unarmed Combat
  1230 | D:2      | Reached XP level 4. HP: 27/44 MP: 3/3
  1292 | D:2      | Found a shimmering altar of Xom.
  1599 | D:2      | You fall into a shaft and drop 2 floors!
  1604 | D:4      | Noticed an ogre
  1610 | D:4      | Killed an ogre
  1610 | D:4      | Reached XP level 5. HP: 29/52 MP: 4/4
  1717 | D:3      | Reached skill level 5 in Unarmed Combat
  1717 | D:3      | Reached XP level 6. HP: 59/59 MP: 5/5
  1727 | D:3      | Noticed Robin
  1735 | D:3      | Killed Robin
  1743 | D:3      | Reached *** piety under Trog
  2405 | D:4      | Found Gotzoitz's Antique Armour Shop.
  2415 | D:4      | Found Heres's Gadget Shop.
  2468 | D:4      | Reached XP level 7. HP: 56/67 MP: 6/6
  2477 | D:4      | Reached **** piety under Trog
  2477 | D:4      | Reached skill level 1 in Stealth
  2587 | D:4      | Found Ceune's Jewellery Shop.
  2683 | D:4      | Found a staircase to the Ecumenical Temple.
  2749 | D:4      | Reached skill level 6 in Unarmed Combat
  2807 | D:4      | Found Josahaax's Assorted Antiques.
  2832 | D:4      | Noticed Edmund
  2841 | D:4      | Killed Edmund
  3027 | D:4      | Found Wiruw's Magic Scroll Emporium.
  3028 | D:4      | Noticed Ijyb
  3038 | D:4      | Killed Ijyb
  3043 | D:4      | Bought a scroll of enchant weapon for 82 gold pieces
  3061 | D:4      | Found a hazy altar of Hepliaklqana.
  3168 | D:5      | Entered Level 5 of the Dungeon
  3199 | D:5      | Found an ornate altar of the Wu Jian Council.
  3296 | D:5      | Found a bloodstained altar of Trog.
  3331 | D:5      | HP: 4/100 [gnoll sergeant/+1 spear of venom (4)]
  3332 | D:5      | Reached skill level 5 in Dodging
  3332 | D:5      | HP: 1/100 [gnoll sergeant/+1 spear of venom (1)]
  3333 | D:5      | Reached skill level 1 in Maces & Flails
  3333 | D:5      | Succumbed to a gnoll sergeant's poison

Levels and vault maps discovered:
D:1:      dpeg_arrival_subterranean_lakeside_camping, layout_basic,
          serial_glass, glass_columns_a, glass_columns_a, serial_bayou_pond_e
D:2:      layout_loops_cross, xom_teletrap_fun
D:3:      layout_basic, uniq_robin
D:4:      layout_loops_cross, minmay_temple_entry_fiery, serial_shops, shop,
          nicolae_shop_behind_doors, shop_fountains, nicolae_shop_behind_doors,
          kennysheep_little_box, first_ration, nrook_uturn,
          lemuel_altar_in_water, uniq_ijyb, uniq_edmund
D:5:      kennysheep_big_flooded_room, layout_basic, overflow_temple_1_default,
          marbit_many_paths

Skill      XL: |  1  2  3  4  5  6  7 |
---------------+----------------------+-----
Dodging        | 3 4 5 |  5.0
Unarmed Combat | 4 5 6 |  6.8
Fighting       | 3 |  3.5
Stealth        | 1 |  1.3
Maces & Flails | 1 |  1.0

Action                   |  1- 3 |  4- 6 |  7- 9 || total
-------------------------+-------+-------+-------++-------
Melee: Unarmed           |   111 |   139 |    28 ||   278
       Punch             |       |     3 |     5 ||     8
       Flail             |       |       |    40 ||    40
Invok: Berserk           |     1 |     2 |     1 ||     4
  Use: Scroll            |       |     1 |     5 ||     6
 Stab: Sleeping          |       |     2 |     1 ||     3
  Eat: Chunk             |    16 |    15 |     8 ||    39
Armor: Animal skin       |    83 |    70 |    32 ||   185
Dodge: Dodged            |   118 |   101 |    50 ||   269

Table legend:
 A = Non-vault XP
 B = Vault XP
 C = Vault XP percentage of total XP
 D = Non-vault monster count
 E = Vault monster count
 F = Vault count percentage of total count
                 A         B        C        D         E       F
            +---------+---------+-------+---------+---------+-------
      Total |    1143 |     245 |  17.7 |      94 |      20 |  17.5
            +---------+---------+-------+---------+---------+-------
        D:1 |      38 |       9 |  19.1 |      20 |       6 |  23.1
        D:2 |      89 |       0 |   0.0 |      15 |       0 |   0.0
        D:3 |     287 |      33 |  10.3 |      28 |      11 |  28.2
        D:4 |     546 |     200 |  26.8 |      21 |       2 |   8.7
        D:5 |     183 |       3 |   1.6 |      10 |       1 |   9.1
            +---------+---------+-------+---------+---------+-------
